 Dungeon Crawl Stone Soup version 0.19.5 (webtiles) character file.

2163 McKennaii the Thaumaturge (level 9, -1/69 HPs)
             Began as a Deep Elf Fire Elementalist on May 16, 2017.
             Was a Follower of Vehumet.
             Slain by Prince Ribbit (7 damage)
             ... on level 7 of the Dungeon.
             The game lasted 00:17:17 (5639 turns).

McKennaii the Thaumaturge (DEFE)                    Turns: 5639, Time: 00:17:18

Health: -1/69      AC: 24    Str:  5    XL:     9   Next: 10%
Magic:  3/34       EV:  2    Int: 29    God:    Vehumet [*.....]
Gold:   394        SH:  0    Dex: 23    Spells: 4 memorised, 18 levels left

rFire  + . .     SeeInvis .     (no weapon)
rCold  + . .     Gourm    .     (armour currently unavailable)
rNeg   + + +     Faith    .     (no shield)
rPois  +         Spirit   .     (helmet currently unavailable)
rElec  +         Reflect  .     (cloak currently unavailable)
rCorr  +         Harm     .     (gloves currently unavailable)
MR     .....     NoTele   +     (boots currently unavailable)
Stlth  ++++......               (no amulet)
                                q - +3 ring of dexterity
                                k - ring of magical power

@: brilliant, agile, tree-form, resistant, very slightly contaminated, hasted,
invisible, very quick
A: no striking features
a: Renounce Religion


You were on level 7 of the Dungeon.
You worshipped Vehumet.
Vehumet was aware of your devotion.
You were not hungry.
You were a tree.
You visited 2 branches of the dungeon, and saw 8 of its levels.

You collected 394 gold pieces.

Inventory:

Armour
 a - a +0 robe (melded)
 m - a +0 pair of gloves (melded)
 r - a +1 cloak (melded)
 y - a +0 helmet (melded)
Rods
 u - a +1 iron rod (9/9)
   (You found it on level 5 of the Dungeon)
Jewellery
 k - a ring of magical power (left branch)
 q - a +3 ring of dexterity (right branch)
Wands
 C - a wand of lightning (10/15)
Scrolls
 d - 5 scrolls of identify
 e - 4 scrolls of remove curse
 D - 3 scrolls of enchant armour {unknown}
Potions
 g - a potion of resistance
 j - 2 potions of haste
 z - a potion of brilliance
Books
 b - a book of Flames

   Spells                             Type                      Level
   a - Flame Tongue                   Conjuration/Fire             1
   b - Throw Flame                    Conjuration/Fire             2
   c - Conjure Flame                  Conjuration/Fire             3
   d - Inner Flame                    Hexes/Fire                   3
   e - Sticky Flame                   Conjuration/Fire             4
   f - Fireball                       Conjuration/Fire             5
Comestibles
 c - 4 bread rations
 f - a royal jelly
 i - 4 fruits
 s - 4 chunks of flesh


   Skills:
 + Level 0.8 Fighting
 + Level 3.5 Dodging
 + Level 4.0 Stealth
 + Level 10.0 Spellcasting
 + Level 6.4 Conjurations
 + Level 7.9 Fire Magic


You had 18 spell levels left.
You knew the following spells:

 Your Spells              Type           Power        Failure   Level  Hunger
a - Flame Tongue          Conj/Fire      #####        1%          1    None
c - Conjure Flame         Conj/Fire      ######..     1%          3    None
d - Magic Dart            Conj           ####         1%          1    None
f - Fireball              Conj/Fire      ######....   1%          5    ###....


Dungeon Overview and Level Annotations

Branches:
Dungeon (7/15)             Temple (1/1) D:4

Altars:
Ashenzari
Cheibriados
Elyvilon
Fedhas
Gozag
Kikubaaqudgha
Makhleb
Okawaru
Qazlal
Ru
Sif Muna
Trog
Vehumet
Xom
Zin

Annotations:
D:7 Joseph, Prince Ribbit


Message History

Joseph shoots a sling bullet.
The sling bullet completely misses you. The adder bites you but does no damage.
You feel better. Prince Ribbit hits you!
* * * LOW HITPOINT WARNING * * *
The adder bites you but does no damage.
You feel protected.
Prince Ribbit hits you but does no damage.
Joseph shoots a sling bullet.
The sling bullet hits you but does no damage.
Okay, then.
Okay, then.
As you read the scroll of fog, it crumbles to dust.
The scroll dissolves into smoke.
The adder bites you but does no damage.
Prince Ribbit hits you but does no damage.
As you read the scroll labeled KYBBIC WOSAITH, it crumbles to dust.
It is a scroll of amnesia.
Forget which spell ([?*] list [ESC] exit)?
Your memory of Throw Flame unravels.
The adder bites you but does no damage. Prince Ribbit hits you!
You die...

###.######## . #
#.#################.#...
#
#.........(.(((.@.......
#
####################....
# #........# .
#........# ##..
#.§§..@..# .....
#SF§......# ###.....
#♣§§..(...# ........
#§§§....... .......#
##########. )......#
######## ####


You could see Prince Ribbit and an adder.

Vanquished Creatures
  Grinder (D:3)
  Sigmund (D:5)
  Duvessa (D:5)
  An ice beast (D:6)
  2 phantoms
  A sky beast (D:6)
  3 ogres
  A centaur (D:5)
  A bullfrog (D:6)
  Dowan (D:5)
  A scorpion (D:6)
  A crimson imp (D:6)
  A bullfrog zombie (D:6)
  2 hounds
  2 jellies
  3 orc wizards
  3 orc priests
  2 iguanas
  4 worker ants
  A hound zombie (D:6)
  A hound skeleton (D:5)
  2 worker ant zombies (D:5)
  9 adders
  4 gnolls (D:5)
  2 river rats (D:3)
  2 shadow imps (D:6)
  An ooze (D:3)
  An adder skeleton (D:4)
  6 worms
  5 dart slugs
  4 leopard geckos
  12 orcs
  3 giant cockroaches
  10 goblins
  7 hobgoblins
  10 jackals
  3 quokkas
  2 ball pythons
  5 bats
  6 frilled lizards
  A jackal skeleton (D:5)
  9 kobolds
  3 leopard gecko skeletons
  13 rats
154 creatures vanquished.

Vanquished Creatures (others)
  A human (D:4)
1 creature vanquished.

Grand Total: 155 creatures vanquished

Notes
Turn   | Place    | Note
-------+----------+-------------------------------------------
     0 | D:1      | McKennaii the Deep Elf Fire Elementalist began the quest for the Orb.
     0 | D:1      | Reached XP level 1. HP: 10/10 MP: 6/6
   185 | D:1      | You fall through a shaft!
   200 | D:2      | Reached XP level 2. HP: 15/15 MP: 2/8
   763 | D:2      | Reached XP level 3. HP: 19/19 MP: 5/9
   767 | D:2      | Learned a level 2 spell: Throw Flame
   771 | D:2      | Learned a level 3 spell: Conjure Flame
  1032 | D:2      | Found a burning altar of Makhleb.
  1134 | D:2      | Reached skill level 4 in Spellcasting
  1134 | D:2      | Reached XP level 4. HP: 22/24 MP: 12/12
  1155 | D:2      | Noticed an Executioner
  1354 | D:3      | You fall through a shaft for 2 floors!
  1354 | D:5      | Entered Level 5 of the Dungeon
  1522 | D:5      | Noticed a centaur
  1585 | D:5      | Reached XP level 5. HP: 28/28 MP: 14/14
  1657 | D:5      | Reached skill level 5 in Spellcasting
  1742 | D:5      | Noticed Duvessa
  1777 | D:3      | Noticed Grinder
  1789 | D:3      | Killed Grinder
  1789 | D:3      | Reached skill level 6 in Spellcasting
  1789 | D:3      | Reached skill level 5 in Fire Magic
  1789 | D:3      | Reached XP level 6. HP: 33/33 MP: 10/17
  1796 | D:3      | Learned a level 5 spell: Fireball
  2103 | D:3      | Found a sacrificial altar of Ru.
  2532 | D:4      | Reached XP level 7. HP: 35/37 MP: 17/19
  2677 | D:4      | Found a staircase to the Ecumenical Temple.
  2690 | D:4      | Reached skill level 7 in Spellcasting
  2694 | Temple   | Entered the Ecumenical Temple
  2735 | Temple   | Became a worshipper of Vehumet
  2853 | D:4      | Noticed a water elemental
  2855 | D:4      | Found a stormy altar of Qazlal.
  2866 | D:4      | Noticed a fire elemental
  2866 | D:4      | Noticed an air elemental
  2940 | D:4      | Found an ancient bone altar of Kikubaaqudgha.
  2946 | D:4      | Noticed a human
  2947 | D:4      | Killed a human
  3152 | D:5      | Noticed Dowan
  3261 | D:5      | Noticed Sigmund
  3537 | D:5      | Reached skill level 8 in Spellcasting
  3537 | D:5      | Reached skill level 5 in Conjurations
  3537 | D:5      | Reached XP level 8. HP: 32/42 MP: 21/22
  3545 | D:5      | Found a shimmering altar of Xom.
  4329 | D:6      | Found a shattered altar of Ashenzari.
  4736 | D:6      | Reached skill level 9 in Spellcasting
  4737 | D:6      | Reached * piety under Vehumet
  4737 | D:6      | Offered knowledge of Magic Dart by Vehumet.
  4751 | D:6      | Learned a level 1 spell: Magic Dart
  4922 | D:6      | Found a bloodstained altar of Trog.
  4922 | D:6      | Found an ancient bone altar of Kikubaaqudgha.
  5314 | D:5      | Killed Duvessa
  5365 | D:5      | Killed Dowan
  5367 | D:5      | Killed Sigmund
  5367 | D:5      | Reached XP level 9. HP: 38/46 MP: 1/24
  5601 | D:7      | Noticed Joseph
  5605 | D:7      | Reached skill level 10 in Spellcasting
  5614 | D:7      | Noticed Prince Ribbit
  5639 | D:7      | Slain by Prince Ribbit

Skill      XL: |  1  2  3  4  5  6  7  8  9 |
---------------+----------------------------+-----
Fire Magic     | 4 5 6 7 |  7.9
Spellcasting   | 4 6 8 9 10 | 10.0
Conjurations   | 2 3 5 6 |  6.4
Stealth        | 3 4 |  4.0
Dodging        | 3 |  3.5
Fighting       | |  0.8

Action                   |  1- 3 |  4- 6 |  7- 9 || total
-------------------------+-------+-------+-------++-------
Melee: Unarmed           |     4 |     1 |     8 ||    13
 Cast: Flame Tongue      |    72 |   101 |   153 ||   326
       Throw Flame       |     2 |     9 |    33 ||    44
       Conjure Flame     |       |     1 |       ||     1
       Fireball          |       |       |    12 ||    12
       Magic Dart        |       |       |     5 ||     5
  Use: Scroll            |       |     2 |    11 ||    13
       Potion            |       |       |    11 ||    11
  Eat: Chunk             |     1 |     3 |     8 ||    12
       Meat ration       |       |       |     1 ||     1
Armor: Robe              |     7 |     1 |    10 ||    18
       Skin              |       |       |    20 ||    20
Dodge: Dodged            |    33 |    17 |    56 ||   106
